 Dungeon Crawl Stone Soup version 0.19.0-22-gd96e5fe (webtiles) character file.

180 vev the Chopper (level 5, -2/45 HPs)
             Began as a Hill Orc Gladiator on Nov 19, 2016.
             Killed from afar by an orc wizard (3 damage)
             ... with a magic dart
             ... on level 3 of the Dungeon.
             The game lasted 00:02:03 (2296 turns).

vev the Chopper (Hill Orc Gladiator)                Turns: 2296, Time: 00:02:04

Health: -2/45      AC:  7    Str: 18    XL:     5   Next: 60%
Magic:  5/5        EV: 11    Int:  8    God:
Gold:   92         SH:  0    Dex: 12    Spells: 0 memorised, 4 levels left

rFire  . . .     SeeInvis .     a - +0 war axe
rCold  . . .     Gourm    .     m - +0 scale mail
rNeg   . . .     Faith    .     (no shield)
rPois  +         Spirit   .     c - +0 helmet
rElec  .         Reflect  .     (no cloak)
rCorr  .         Harm     .     (no gloves)
MR     .....                    (no boots)
Stlth  ..........               (no amulet)
                                (no ring)
                                l - ring of poison resistance

@: no status effects
A: no striking features
a: no special abilities


You were on level 3 of the Dungeon.
You were not hungry.

You visited 1 branch of the dungeon, and saw 3 of its levels.

You collected 92 gold pieces.

Inventory:

Hand Weapons
 a - a +0 war axe (weapon)
Missiles
 d - 3 throwing nets (quivered)
Armour
 b - a +0 leather armour
 c - a +0 helmet (worn)
 m - a +0 scale mail (worn)
Jewellery
 e - an uncursed ring of protection from fire {unknown}
 l - a ring of poison resistance (left hand)
Wands
 n - a wand of iceblast (8/15)
Scrolls
 j - 2 scrolls of identify {unknown}
 k - a scroll of remove curse {unknown}
 p - a scroll of fog {unknown}
 s - a scroll of blinking {unknown}
 t - a scroll of teleportation {unknown}
Potions
 o - 2 potions of flight {unknown}
 q - a potion of might {unknown}
 r - a potion of mutation {unknown}
 u - a potion of heal wounds {unknown}
Comestibles
 f - 3 bread rations
 g - 2 meat rations
 h - a beef jerky
 i - 2 chunks of flesh


   Skills:
 + Level 3.4 Fighting
 * Level 6.1 Axes
 - Level 1.7 Throwing
 + Level 2.3 Armour
 + Level 3.0 Dodging


You had 4 spell levels left.
You didn't know any spells.

Dungeon Overview and Level Annotations

Branches:
Dungeon (3/15)

Altars:


Message History

Unknown command.
You hit the orc wizard.
The orc wizard is severely wounded.
The orc wizard hits you but does no damage.
The orc wizard points at you and mumbles some strange words.
The puff of flame hits you!
* * * LOW HITPOINT WARNING * * *
Unknown command.
You hit the orc wizard.
The orc wizard is almost dead.
The orc wizard mumbles some strange words.
The orc wizard flickers and vanishes!
Deactivating autopickup; reactivate with Ctrl-A.
Something hits you but does no damage.
Unknown command.
You barely miss something. Something hits you but does no damage.
You hear some strange, mumbled words.
A magic dart appears from out of thin air!
The magic dart hits you!
You die...

..# .# ..#.# .....
... ... ## #o#
.##+###### #{#
#........# #@#
##..####.# #.#
##..###.#######.#
#...<...........#
#........#########
.#...##### ###.##
#.# #.#


You could see an orc.

Vanquished Creatures
  An orc wizard (D:3)
  Ijyb (D:2)
  Robin (D:3)
  3 adders
  An ooze (D:1)
  2 worms
  3 leopard geckos
  An orc (D:3)
  5 bats
  2 giant cockroaches
  17 goblins
  5 hobgoblins
  5 jackals
  9 kobolds
  3 quokkas
  5 frilled lizards
  5 rats
69 creatures vanquished.

Vanquished Creatures (others)
  An orc wizard (D:3)
1 creature vanquished.

Grand Total: 70 creatures vanquished

Notes
Turn   | Place    | Note
-------+----------+-------------------------------------------
     0 | D:1      | vev the Hill Orc Gladiator began the quest for the Orb.
     0 | D:1      | Reached XP level 1. HP: 18/18 MP: 1/1
   784 | D:1      | Reached XP level 2. HP: 25/25 MP: 2/2
  1423 | D:2      | Reached XP level 3. HP: 27/30 MP: 3/3
  1440 | D:2      | Noticed Ijyb
  1462 | D:2      | Killed Ijyb
  1462 | D:2      | Reached skill level 3 in Fighting
  1462 | D:2      | Reached skill level 5 in Axes
  1462 | D:2      | Reached skill level 1 in Armour
  1462 | D:2      | Reached XP level 4. HP: 31/38 MP: 4/4
  1965 | D:3      | Noticed Robin
  1973 | D:3      | Killed Robin
  1973 | D:3      | Reached XP level 5. HP: 41/45 MP: 5/5
  2077 | D:3      | Reached skill level 2 in Armour
  2272 | D:3      | Reached skill level 6 in Axes
  2272 | D:3      | Reached skill level 3 in Dodging
  2294 | D:3      | HP: 1/45 [orc wizard/puff of flame (6)]
  2296 | D:3      | Killed from afar by an orc wizard

Skill      XL: |  1  2  3  4  5 |
---------------+----------------+-----
Fighting       | 3 |  3.4
Axes           | 5 6 |  6.1
Armour         | 1 2 |  2.3
Dodging        | 3 |  3.0
Throwing       | |  1.7

Action                   |  1- 3 |  4- 6 || total
-------------------------+-------+-------++-------
Melee: War axe           |    96 |   150 ||   246
  Eat: Chunk             |     2 |     3 ||     5
Armor: Leather armour    |    21 |       ||    21
       Scale mail        |    22 |    85 ||   107
Dodge: Dodged            |    73 |    74 ||   147
